 Dungeon Crawl Stone Soup version 0.30-a0-292-g0f741e3f8e (webtiles) character file.

Game seed: 13145127258933235327

84 night the Caller (level 4, -5/24 HPs)
             Began as a Tengu Summoner on Oct 17, 2022.
             Killed from afar by Ijyb (9 damage)
             ... with a puff of flame
             ... on level 3 of the Dungeon.
             The game lasted 00:04:40 (1793 turns).

night the Caller (Tengu Summoner)                   Turns: 1793, Time: 00:04:41

Health: -5/24      AC:  2    Str:  9    XL:     4   Next: 45%
Magic:  4/9        EV: 12    Int: 17    God:
Gold:   122        SH:  0    Dex: 14    Spells: 3/9 levels left

rFire   . . .      SeeInvis .    o - +0 spear
rCold   . . .      Faith    .    (no shield)
rNeg    . . .      Spirit   .    a - +0 robe
rPois   .          Reflect  .    (helmet restricted)
rElec   .          Harm     .    (no cloak)
rCorr   .          Rampage  .    (no gloves)
Will    .....                    (boots unavailable)
Stlth   ++........               (no amulet)
HPRegen 0.24/turn                (no ring)
MPRegen 0.11/turn                (no ring)

@: no status effects
A: beak, talons 3
a: no special abilities


You were on level 3 of the Dungeon.
You visited 1 branch of the dungeon, and saw 4 of its levels.

You collected 122 gold pieces.

Inventory:

Hand Weapons
 e - a +0 dagger
 k - a +1 mace
 o - a +0 spear (weapon)
Missiles
 d - 6 boomerangs
 i - 12 stones
Armour
 a - a +0 robe (worn)
Jewellery
 j - a +4 ring of protection
Scrolls
 c - a scroll of blinking {unknown}
 h - a scroll of brand weapon {unknown}
 l - a scroll of poison {unknown}
 n - a scroll of teleportation
Potions
 b - a potion of magic
 f - 2 potions of invisibility {unknown}
 g - 2 potions of heal wounds {unknown}
 m - a potion of lignification {unknown}


   Skills:
 - Level 2.1 Dodging
 - Level 2.0 Stealth
 + Level 3.2 Spellcasting
 + Level 6.0 Summonings


You had 3 spell levels left.
You knew the following spells:

 Your Spells              Type           Power      Damage    Failure   Level
a - Summon Small Mammal   Summ           92%        N/A       1%          1
b - Call Imp              Summ           23%        N/A       2%          2
c - Call Canine Familiar  Summ           23%        N/A       4%          3

Your spell library contained the following spells:

 Spells                   Type           Power      Damage    Failure   Level
 Summon Guardian Golem    Hex/Summ       13%        N/A       14%         3
 Apportation              Tloc           4%         N/A       17%         1
 Necrotise                Necr           8%         1d4       17%         1
 Sting                    Tmut/Pois      8%         1d3       17%         1
 Summon Lightning Spire   Summ/Air       13%        N/A       43%         4
 Freezing Cloud           Conj/Ice/Air   1%         6-21      99%         5


Dungeon Overview and Level Annotations

Branches:
Dungeon (4/15)
 Temple: D:4-7

Altars:
Trog

Annotations:
D:3 Ijyb


Innate Abilities, Weirdness & Mutations

You have a beak for a mouth.
You have claws for feet.


Message History

Ijyb hits your hound with a +1 dagger of venom.
Your hound looks as sick as possible!
You reach to attack!
You barely miss Ijyb.
Ijyb is moderately wounded.
Your hound closely misses Ijyb.
Your hound barely misses Ijyb.
Ijyb hits your hound with a +1 dagger of venom.
Your hound looks as sick as possible!
You reach to attack!
You hit Ijyb.
Ijyb is moderately wounded.
Your hound bites Ijyb but does no damage.
Ijyb hits your hound with a +1 dagger of venom.
Your hound dies!
Your hound's corpse disappears in a puff of smoke!
Casting: Call Canine Familiar (quite dangerous; 4% risk of failure)
Confirm with . or Enter, or press ? or * to list all spells.
Unknown command.
You closely miss Ijyb.
Ijyb is moderately wounded.
Ijyb zaps a wand.
The puff of flame hits you!
You hit Ijyb.
Ijyb is heavily wounded.
Your hound bites Ijyb.
Ijyb hits your hound with a +1 dagger of venom.
Your hound misses Ijyb. You hit Ijyb.
Ijyb is severely wounded.
Your hound bites Ijyb but does no damage.
Ijyb hits you with a +1 dagger of venom.
Your hound bites Ijyb but does no damage.
You barely miss Ijyb. Your kick misses Ijyb. You peck Ijyb, but do no damage.
Ijyb is severely wounded.
Ijyb zaps a wand.
The puff of flame hits you.
* * * LOW HITPOINT WARNING * * *
Your hound bites Ijyb.
Ijyb attacks as you move away! Ijyb closely misses you.
Your hound completely misses Ijyb.
Your hound bites Ijyb.
Casting: Call Canine Familiar (quite dangerous; 4% risk of failure)
Confirm with . or Enter, or press ? or * to list all spells.
Ijyb zaps a wand.
The puff of flame hits you!
You die...

##### ###### ...#
#....#
#.###########....#
#@>............[..
#ghr.............#
#K#..............#
#.##.............#
#.##.......<.....#
#.##.............#
#.##.....)...†.###
..##.........#.#
.####.........#.#


You could see Ijyb (ally target), a kobold, a friendly hound (summoned) and a
friendly quokka (summoned).

Vanquished Creatures
  A gnoll (D:1)
  A dart slug (D:2)
  A bat (D:1)
  An endoplasm (D:2)
  3 giant cockroaches (D:2)
  A hobgoblin (D:3)
  A jackal (D:2)
  A quokka (D:2)
  A ball python (D:1)
  3 frilled lizards
  2 rats
16 creatures vanquished.

Vanquished Creatures (collateral kills)
  3 adders
  A worm (D:2)
  A dart slug (D:2)
  2 endoplasms
  3 goblins
  2 hobgoblins (D:2)
  2 jackals (D:2)
  3 quokkas (D:1)
  A ball python (D:1)
  A bat (D:1)
  2 frilled lizards
  2 rats
23 creatures vanquished.

Grand Total: 39 creatures vanquished

Notes
Turn   | Place    | Note
-------+----------+-------------------------------------------
     0 | D:1      | night the Tengu Summoner began the quest for the Orb.
     0 | D:1      | Reached XP level 1. HP: 10/10 MP: 4/4
   178 | D:1      | Reached skill level 5 in Summonings
   305 | D:1      | Reached XP level 2. HP: 8/15 MP: 1/6
   754 | D:1      | Learned a level 2 spell: Call Imp
   775 | D:1      | Reached XP level 3. HP: 19/19 MP: 7/7
  1045 | D:2      | HP: 1/19 [worm (9)]
  1316 | D:2      | Reached XP level 4. HP: 24/24 MP: 6/9
  1343 | D:2      | Learned a level 3 spell: Call Canine Familiar
  1404 | D:2      | You fall into a shaft and drop 2 floors!
  1679 | D:3      | Found a bloodstained altar of Trog.
  1715 | D:3      | Got Uxkafun's Teachings on Toxins and the Glacier
  1759 | D:3      | Noticed Ijyb
  1767 | D:3      | Reached skill level 6 in Summonings
  1791 | D:3      | HP: 3/24 [Ijyb/puff of flame (6)]
  1793 | D:3      | Killed from afar by Ijyb

Illustrated notes

Levels and vault maps discovered:
D:1:      psy_arrival_statuary, layout_basic
D:2:      layout_basic, minmay_circle_x, uniq_terence
D:3:      layout_basic, minitemple, uniq_ijyb
D:4:      layout_gridville, st_stairs_4, uniq_edmund

Skill      XL: |  1  2  3  4 |
---------------+-------------+-----
Summonings     | 5 6 |  6.0
Spellcasting   | 3 |  3.2
Dodging        | |  2.1
Stealth        | |  2.0

Action                   |  1- 3 |  4- 6 || total
-------------------------+-------+-------++-------
Melee: Unarmed           |     6 |       ||     6
       Dagger            |    28 |       ||    28
       Kick              |    13 |       ||    13
       Peck              |     5 |     1 ||     6
       Mace              |    11 |     3 ||    14
       Spear             |       |    18 ||    18
 Cast: Summon Small Mamm |    29 |     5 ||    34
       Call Imp          |     4 |     3 ||     7
       Call Canine Famil |       |     3 ||     3
  Use: Scroll            |       |     4 ||     4
 Stab: Sleeping          |     2 |       ||     2
Armor: Robe              |     3 |       ||     3
Dodge: Dodged            |    32 |     3 ||    35

Table legend: (Time is in decaauts)
 A = Elapsed time spent in this place.
 B = Non-inter-level travel time spent in this place.
 C = Inter-level travel time spent in this place.
 D = Time resting spent in this place.
 E = Time spent auto-exploring this place.
 F = Levels seen in this place.
 G = Mean time per level.
                   A        B        C        D        E       F      G
               +--------+--------+--------+--------+--------+-----+--------+
         Total |   1798 |   1773 |     25 |     59 |   1286 |   4 |  449.5 |
       Dungeon |   1798 |   1773 |     25 |     59 |   1286 |   4 |  449.5 |
               +--------+--------+--------+--------+--------+-----+--------+

Top non-repeatable levels by time:
     D:1: 1004 daAuts
     D:2: 403 daAuts
     D:3: 217 daAuts
     D:4: 172 daAuts
